 Dungeon Crawl Stone Soup version 0.30-a0-918-g0ff054e9dc (webtiles) character file.

Game seed: 16868149914203220437

388 sanka the Cleaver (level 6, -2/57 HPs)
             Began as a Hill Orc Monk on Mar 20, 2023.
             Was a Believer of Beogh.
             Slain by a gnoll
             ... wielding a +0 flail
              (4 damage)
             ... on level 4 of the Dungeon.
             The game lasted 00:05:29 (3739 turns).

sanka the Cleaver (Hill Orc Monk)                   Turns: 3739, Time: 00:05:30

Health: -2/57      AC:  4    Str: 16    XL:     6   Next: 79%
Magic:  6/6        EV: 17    Int: 10    God:    Beogh [**....]
Gold:   148        SH:  0    Dex: 13    Spells: 5/5 levels left

rFire   . . .      SeeInvis .    a - +0 war axe (venom)
rCold   . . .      Faith    .    (no shield)
rNeg    . . .      Spirit   .    g - +2 robe {Will+}
rPois   +          Reflect  .    p - +0 hat
rElec   .          Rampage  .    (no cloak)
rCorr   .                        (no gloves)
Will    +....                    (no boots)
Stlth   ++                       (no amulet)
HPRegen 0.29/turn                k - +5 ring of evasion
MPRegen 0.10/turn                e - ring of poison resistance

@: no status effects
A: no striking features
a: Renounce Religion, Smiting


You were on level 4 of the Dungeon.
You worshipped Beogh.
Beogh was pleased with you.
You visited 1 branch of the dungeon, and saw 5 of its levels.

You collected 218 gold pieces.
You spent 70 gold pieces at shops.


   Skills:
 + Level 5.8 Fighting
 * Level 8.3 Axes
 - Level 2.4 Dodging
 - Level 1.5 Stealth
 + Level 0.3 Invocations


You had 5 spell levels left.
You didn't know any spells.
Your spell library contained the following spells:

 Spells                   Type           Power      Damage    Failure   Level
 Vhi's Electric Charge    Tloc/Air       0%         N/A       75%         3
 Arcjolt                  Conj/Air       0%         1d10      100%        5
 Maxwell's Capacitive Co  Air            0%         ∞         100%        8

Inventory:

Hand Weapons
 a - a +0 war axe of venom (weapon)
 x - a +0 morningstar
 B - a +0 hand axe
Missiles
 v - a throwing net {=f}
 y - 6 javelins
Armour
 g - a +2 robe of willpower (worn)
 p - a +0 hat (worn)
Jewellery
 e - a ring of poison resistance (right hand)
 k - a +5 ring of evasion (left hand)
Wands
 s - a wand of polymorph (5)
Scrolls
 d - a scroll of poison {unknown}
 i - a scroll of silence {unknown}
 j - a scroll of amnesia {unknown}
 l - 3 scrolls of fear {unknown}
 m - a scroll of vulnerability {unknown}
 n - 3 scrolls of identify {unknown}
 o - a scroll of noise {unknown}
 t - a scroll of enchant weapon {unknown}
 z - 2 scrolls of immolation {unknown}
 A - 2 scrolls of magic mapping {unknown}
 C - a scroll of torment {unknown}
Potions
 b - 2 potions of curing {unknown}
 c - a potion of ambrosia
 f - a potion of magic {unknown}
 h - 2 potions of brilliance {unknown}
 q - a potion of haste {unknown}
 r - a potion of might {unknown}
 u - a potion of degeneration {unknown}
 w - a potion of flight {unknown}
 D - a potion of invisibility {unknown}

Dungeon Overview and Level Annotations

Branches:
Dungeon (5/15)             Temple (0/1) D:4

Altars:

Shops:
D:2 !

Annotations:
D:3 1 runed translucent door, Crazy Yiuf, Grinder

.▒▒▒▒............▒.▒▒▒
▒▒▒▒.......<...▒.▒...▒▒
..▒...........▒▒......▒▒
.............▒▒........▒
..........▒.▒▒▒▒.....▒▒▒
.........▒▒▒▒ ▒▒...▒▒
.........▒▒▒▒ ▒▒....▒
.........)..▒ ▒g.g..▒
▒...........▒▒▒)og..▒
▒..............go▒▒▒▒
...................▒▒▒▒
......▒...............▒
......................▒▒▒▒
...▒.....................▒
.▒▒▒▒.................>..▒▒
..........................▒
..........................▒


You could see a gnoll bouda (very poisoned), 3 gnolls and an orc (very
poisoned).


Message History

You barely miss the gnoll. You closely miss the orc. You hit the gnoll.
You hit the gnoll but do no damage.
The gnoll is poisoned.
Your attacks no longer feel as feeble.
The gnoll hits you with a +0 club.
* * * LOW HITPOINT WARNING * * *
The orc hits you with a +0 short sword.
* * * LOW HITPOINT WARNING * * *
The gnoll bouda closely misses you. The gnoll hits you with a +0 flail.
* * * LOW HITPOINT WARNING * * *
The gnoll closely misses you. The gnoll misses you.
You barely miss the gnoll.
The gnoll is moderately wounded.
You hit the gnoll bouda. You hit the gnoll.
The gnoll looks as sick as possible!
You hit the orc.
The orc is poisoned.
You closely miss the gnoll. The orc hits you but does no damage.
The gnoll bouda calls upon its god to heal the gnoll.
The gnoll's wounds heal themselves!
The gnoll hits you with a +0 flail!
* * * LOW HITPOINT WARNING * * *
The gnoll hits you with a +0 flail.
You die...

Action                     |  1- 3 |  4- 6 || total
---------------------------+-------+-------++-------
  Melee: Hand axe          |   115 |   208 ||   323
         Punch             |     3 |     5 ||     8
         War axe           |       |    37 ||    37
         Morningstar       |       |    10 ||    10
 Invoke: Convert to Beogh  |       |     1 ||     1
    Use: Potion            |       |     1 ||     1
   Stab: Sleeping          |     1 |     2 ||     3
 Armour: Robe              |    33 |    44 ||    77
  Dodge: Dodged            |    76 |   204 ||   280

Levels and vault maps discovered:
D:1:      roderic_octagonal_star, layout_basic,
          ebering_ecumenical_altar_sacrificial, hangedman_decor_clover_reticule
D:2:      layout_rooms, serial_shops, nicolae_shop_behind_doors
D:3:      layout_loops_corners, serial_glass, glass_columns_a, glass_columns_a,
          kennysheep_boxes, uniq_crazy_yiuf_cottage, uniq_ijyb, uniq_grinder
D:4:      layout_cave_pools, minmay_temple_entry_nine_rooms
D:5:      layout_rooms, ebering_ghost_rock_garden

Notes
Turn   | Place    | Note
-------+----------+-------------------------------------------
     0 | D:1      | sanka the Hill Orc Monk began the quest for the Orb.
     0 | D:1      | Reached XP level 1. HP: 19/19 MP: 1/1
   174 | D:1      | Reached XP level 2. HP: 19/27 MP: 2/2
   352 | D:1      | Reached skill level 4 in Fighting
   419 | D:1      | Reached skill level 5 in Axes
   558 | D:1      | Reached XP level 3. HP: 33/33 MP: 3/3
   580 | D:1      | Found a faded altar of an unknown god.
  1100 | D:2      | Reached XP level 4. HP: 29/41 MP: 4/4
  1196 | D:2      | Found Ontuevic's Distillery.
  1286 | D:2      | Reached skill level 6 in Axes
  1636 | D:2      | Bought a potion of heal wounds for 70 gold pieces
  1650 | D:3      | Noticed a scorpion
  1664 | D:3      | Killed a scorpion
  1665 | D:3      | Reached skill level 5 in Fighting
  1665 | D:3      | Reached XP level 5. HP: 42/48 MP: 5/5
  1893 | D:3      | Noticed Ijyb
  1949 | D:3      | Reached skill level 7 in Axes
  1989 | D:3      | Killed Ijyb
  1990 | D:3      | Reached XP level 6. HP: 17/56 MP: 6/6
  2297 | D:3      | Noticed Grinder
  2305 | D:3      | Paralysed by Grinder for 2 turns
  2816 | D:3      | Found a runed translucent door.
  2817 | D:3      | Noticed Crazy Yiuf
  3125 | D:4      | Became a worshipper of Beogh the Brigand
  3125 | D:4      | Reached * piety under Beogh
  3125 | D:4      | Reached ** piety under Beogh
  3623 | D:4      | Reached skill level 8 in Axes
  3679 | D:4      | Found a staircase to the Ecumenical Temple.
  3722 | D:5      | Entered Level 5 of the Dungeon
  3739 | D:4      | HP: 2/57 [gnoll/+0 flail (7)]
  3739 | D:4      | Slain by a gnoll

Vanquished Creatures
  2 scorpions
  An iguana (D:4)
  Ijyb (D:3)
  6 gnolls
  5 adders
  A worm (D:3)
  4 dart slugs
  15 orcs
  7 ball pythons
  7 endoplasms
  4 giant cockroaches
  4 goblins
  7 hobgoblins
  2 jackals (D:3)
  7 quokkas
  6 bats
  3 frilled lizards
  7 kobolds
  8 rats
97 creatures vanquished.

Vanquished Creatures (others)
  An orc (D:4)
1 creature vanquished.

Grand Total: 98 creatures vanquished
